 Dungeon Crawl Stone Soup version 0.28.0-45-g0d030f2227 (webtiles) character file.

Game seed: 2462582060421735051

107 bobregger the Cudgeller (level 4, -3/72 HPs)
             Began as an Ogre Berserker on Apr 23, 2022.
             Was a Believer of Trog.
             Slain by a gnoll
             ... wielding a +0 flail
              (8 damage)
             ... on level 2 of the Dungeon.
             The game lasted 00:02:17 (1378 turns).

bobregger the Cudgeller (Ogre Berserker)            Turns: 1378, Time: 00:02:17

Health: -3/72      AC:  4    Str: 23    XL:     4   Next: 85%
Magic:  4/4        EV: 10    Int:  8    God:    Trog [**....]
Gold:   35         SH:  0    Dex:  8    Spells: 3/3 levels left

rFire   . . .      SeeInvis .   h - +0 whip (freeze)
rCold   . . .      Faith    .   (no shield)
rNeg    . . .      Spirit   .   b - +0 animal skin
rPois   .          Reflect  .   g - +1 hat
rElec   .          Harm     .   (no cloak)
rCorr   .          Rampage  .   (gloves unavailable)
Will    .....                   (boots unavailable)
Stlth   ..........              (no amulet)
HPRegen 0.22/turn               (no ring)
MPRegen 0.09/turn               (no ring)

@: berserking, very quick
A: large, unfitting armour, tough skin 1
a: Renounce Religion, Berserk, Trog's Hand


You were on level 2 of the Dungeon.
You worshipped Trog.
Trog was pleased with you.
You visited 1 branch of the dungeon, and saw 2 of its levels.

You collected 35 gold pieces.

Inventory:

Hand Weapons
 h - a +0 whip of freezing (weapon)
Armour
 b - a +0 animal skin (worn)
 g - a +1 hat (worn)
Scrolls
 c - 2 scrolls of identify {unknown}
 e - 3 scrolls of noise {unknown}
 f - a scroll of fear {unknown}
Potions
 a - a potion of resistance {unknown}
 d - a potion of curing {unknown}
 i - 3 potions of heal wounds {unknown}


   Skills:
 - Level 4.0 Fighting
 + Level 4.9 Maces & Flails
 - Level 2.6 Dodging


You had 3 spell levels left.
You didn't know any spells.
Your spell library was empty.

Dungeon Overview and Level Annotations

Branches:
Dungeon (2/15)

Altars:


Innate Abilities, Weirdness & Mutations

You are too large for most types of armour.
You have tough skin. (AC +1)


Message History

The gnoll barely misses you. The giant cockroach closely misses you.
You hit the giant cockroach. You freeze the giant cockroach.
You punch the giant cockroach.
The giant cockroach is almost dead.
The giant cockroach closely misses you.
The gnoll hits you from afar with a +0 spear.
The gnoll misses you.
You barely miss the giant cockroach.
The giant cockroach is almost dead.
The giant cockroach bites you but does no damage.
The gnoll hits you but does no damage. The gnoll hits you with a +0 flail.
You hit the giant cockroach. You freeze the giant cockroach.
You kill the giant cockroach!
Trog accepts your kill.
The gnoll hits you from afar with a +0 spear.
The gnoll hits you from afar with a +0 spear.
You see here a giant cockroach corpse.
You hit the gnoll. You freeze the gnoll.
The gnoll is moderately wounded.
The gnoll hits you with a +0 flail.
You closely miss the gnoll.
The gnoll is moderately wounded.
The gnoll hits you from afar with a +0 spear!
The gnoll misses you.
You hit the gnoll. You freeze the gnoll.
The gnoll is heavily wounded.
The gnoll hits you from afar with a +0 spear.
The gnoll hits you with a +0 flail!
* * * LOW HITPOINT WARNING * * *
You hit the gnoll. You freeze the gnoll.
The gnoll is almost dead.
The gnoll hits you from afar with a +0 spear.
* * * LOW HITPOINT WARNING * * *
The gnoll misses you.
A red film seems to cover your vision as you go berserk!
You feel yourself moving faster!
You feel mighty!
The gnoll hits you from afar with a +0 spear.
* * * LOW HITPOINT WARNING * * *
The gnoll hits you with a +0 flail!
You die...

...............++........
...............##.......#
...............##.......#
........................#
...............[........#
........................#
..................#######
......g.g......####
........@#######
.........# .........#
.......... ###
#########.# ####.. .#
#((#.. .# #)(#.. ##
#'##.. #.....


You could see 2 gnolls.

Vanquished Creatures
  Terence (D:2)
  Natasha (D:2)
  An adder (D:2)
  2 dart slugs
  5 bats
  5 endoplasms
  3 giant cockroaches
  7 goblins
  2 hobgoblins
  3 jackals (D:1)
  A quokka (D:1)
  3 ball pythons
  3 frilled lizards
  6 rats
43 creatures vanquished.

Notes
Turn   | Place    | Note
-------+----------+-------------------------------------------
     0 | D:1      | bobregger the Ogre Berserker began the quest for the Orb.
     0 | D:1      | Reached XP level 1. HP: 24/24 MP: 1/1
   109 | D:1      | Reached XP level 2. HP: 30/32 MP: 2/2
   476 | D:1      | Found a faded altar of an unknown god.
   573 | D:1      | Reached ** piety under Trog
   574 | D:1      | Reached XP level 3. HP: 21/39 MP: 3/3
   943 | D:2      | Noticed Terence
   952 | D:2      | Killed Terence
   953 | D:2      | Reached XP level 4. HP: 48/48 MP: 4/4
  1066 | D:2      | Noticed Natasha
  1084 | D:2      | Killed Natasha
  1378 | D:2      | Slain by a gnoll

Illustrated notes

Levels and vault maps discovered:
D:1:      ncdulo_halloftheorcs, layout_basic, hellmonk_ecumenical_altar_run_dry,
          minmay_domino_2
D:2:      minmay_evil_eye, layout_basic, supply_closet_lemuel,
          minmay_curled_crystal, uniq_terence, uniq_crazy_yiuf_cottage,
          uniq_natasha

Skill      XL: |  1  2  3 |
---------------+----------+-----
Maces & Flails | 3 4 |  4.9
Fighting       | |  4.0
Dodging        | |  2.6

Action                   |  1- 3 |  4- 6 || total
-------------------------+-------+-------++-------
Melee: Mace              |    69 |       ||    69
       Punch             |     1 |     1 ||     2
       Whip              |    22 |    51 ||    73
Invok: Berserk           |     1 |     1 ||     2
Armor: Animal skin       |    37 |    11 ||    48
Dodge: Dodged            |    60 |    24 ||    84
